 Dungeon Crawl Stone Soup version 0.19-a0-1193-g2641e52 (webtiles) character file.

8437 inmateoo the Grappler (level 11, -9/94 HPs)
             Began as a Minotaur Arcane Marksman on Aug 19, 2016.
             Was a High Priest of Cheibriados.
             Mangled by Snorg (14 damage)
             ... on level 10 of the Dungeon.
             The game lasted 00:12:13 (9532 turns).

inmateoo the Grappler (Minotaur Arcane Marksman)    Turns: 9532, Time: 00:12:14

Health: -9/94      AC: 14    Str: 31    XL:     11   Next: 9%
Magic:  15/15      EV: 17    Int: 22    God:    Cheibriados [*****.]
Gold:   473        SH:  8    Dex: 26    Spells: 2 memorised, 9 levels left

rFire  . . .     SeeInvis .       - Unarmed
rCold  . . .     Gourm    .     N - +4 scale mail
rNeg   . . .     Faith    .     M - +2 buckler
rPois  .         Spirit   .     (helmet restricted)
rElec  .         Dismiss  .     n - +0 cloak
rCorr  .         Reflect  .     i - +0 pair of gloves
MR     +....     Harm     .     (no boots)
Stlth  +.........               (no amulet)
                                E - +4 ring of dexterity
                                j - ring of protection from magic

@: very slow
A: retaliatory headbutt, horns 2
a: Bend Time, Temporal Distortion, Slouch, Step From Time, Renounce Religion


You were on level 10 of the Dungeon.
You worshipped Cheibriados.
Cheibriados was extremely pleased with you.
You were not hungry.

You visited 1 branch of the dungeon, and saw 10 of its levels.

You collected 473 gold pieces.

Inventory:

Hand Weapons
 s - a +2 dagger of venom
Missiles
 c - 11 javelins (quivered)
 d - 4 throwing nets
Armour
 i - a +0 pair of gloves (worn)
 n - a +0 cloak (worn)
 M - a +2 buckler (worn)
 N - a +4 scale mail (worn)
Jewellery
 j - a ring of protection from magic (left hand)
 E - a +4 ring of dexterity (right hand)
Wands
 v - a wand of iceblast (10/15)
 F - a wand of slowing (29/48)
Scrolls
 a - 2 scrolls of magic mapping
 k - a scroll of recharging
 r - a scroll of amnesia
 y - a scroll of teleportation
 B - 4 scrolls of remove curse
 C - a scroll of torment {unknown}
 D - a scroll of enchant weapon
 L - a scroll of enchant armour
Potions
 h - a potion of ambrosia
 l - 2 potions of magic
 m - a potion of haste {unknown}
 q - 2 potions of flight
 t - 2 potions of brilliance
 u - 3 potions of curing
 z - a potion of lignification
 H - a potion of invisibility {unknown}
 I - a potion of cancellation
 J - a potion of heal wounds {unknown}
Books
 b - a book of Debilitation

   Spells                             Type                      Level
   a - Corona                         Hexes                        1
   b - Slow                           Hexes                        2
   c - Gell's Gravitas                Hexes/Translocation          3
   d - Inner Flame                    Hexes/Fire                   3
   e - Cause Fear                     Hexes                        4
   f - Leda's Liquefaction            Hexes/Earth                  4
 e - a book of Transfigurations

   Spells                             Type                      Level
   a - Irradiate                      Conjuration/Transmutation    5
   b - Statue Form                    Transmutation/Earth          6
   c - Hydra Form                     Transmutation                6
   d - Dragon Form                    Transmutation                7
Comestibles
 f - 5 bread rations
 g - 2 slices of pizza
 o - 4 beef jerkies
 p - 5 meat rations
 w - a royal jelly
 x - 2 chunks of flesh
 A - 3 fruits


   Skills:
 + Level 7.9 Fighting
 - Level 2.0 Throwing
 + Level 7.9 Armour
 + Level 7.6 Dodging
 + Level 3.0 Shields
 * Level 10.5 Unarmed Combat
 + Level 3.4 Spellcasting
 - Level 2.0 Hexes
 + Level 3.6 Earth Magic
 + Level 4.1 Invocations


You had 9 spell levels left.
You knew the following spells:

 Your Spells              Type           Power        Failure   Level  Hunger
a - Corona                Hex            ##.....      14%         1    None
b - Statue Form           Tmut/Erth      ##.......    100%        6    #######


Dungeon Overview and Level Annotations

Branches:
Dungeon (10/15)            Temple (0/1) D:7            Lair (0/6) D:10
    Orc: D:9-12

Altars:
Cheibriados
Dithmenos
Elyvilon
Nemelex Xobeh
Okawaru
Uskayaw
Vehumet
Zin
The Shining One

Annotations:
D:10 Snorg


Innate Abilities, Weirdness & Mutations

You reflexively headbutt those who attack you in melee.
You have a pair of horns on your head.


Message History

Snorg bites you! Snorg misses you. Snorg claws you!
You punch Snorg! Your headbutt misses Snorg.
Snorg is moderately wounded.
Snorg closely misses you. You furiously retaliate!
You headbutt Snorg. Snorg claws you! You block Snorg's attack.
You barely miss Snorg. Your headbutt misses Snorg.
Snorg is moderately wounded.
You block Snorg's attack. Snorg barely misses you. Snorg claws you.
Unknown command.
You pummel Snorg!! You headbutt Snorg!
Snorg is heavily wounded.
Snorg bites you!!
* * * LOW HITPOINT WARNING * * *
Snorg completely misses you. Snorg claws you!
* * * LOW HITPOINT WARNING * * *
You are too injured to fight recklessly!
Unknown command.
Okay, then.
It was a potion of magic.
Magic courses through your body. Snorg bites you!
You die...

... ##.........#### . ..
###.#.........#....
...#.#.....#.............
.......)).###............
.......))..#..o..........
.........................
....................>
...........†..).<....
.......(...?@†.......
.......#...T.........
........#..#...$.....
[...#...#.###...$....
####...#.........
##...../....#.
#.........###
#..........#


You could see Snorg (berserk) and an orc wizard.

Vanquished Creatures
  Josephine (D:10)
  A centaur warrior (D:9)
  A hill giant (D:8)
  The ghost of Aquadorian the Covert, a novice OpBe of Trog (D:5)
  An ugly thing (D:8)
  3 wraiths (D:10)
  Sigmund (D:6)
  A wyvern (D:8)
  Eustachio (D:5)
  Edmund (D:4)
  A water moccasin (D:8)
  2 ice beasts
  4 phantoms
  2 black bears
  A wasp (D:9)
  3 orc warriors
  4 ogres
  3 centaurs
  A crocodile (D:10)
  A big kobold (D:9)
  6 giant frogs
  A water moccasin skeleton (D:6)
  7 howler monkeys
  7 jellies
  5 crimson imps
  A giant frog zombie (D:7)
  A quasit (D:6)
  2 centaur zombies
  Crazy Yiuf (D:6)
  5 orc priests
  4 hounds
  7 orc wizards
  A giant frog skeleton (D:6)
  Ijyb (D:2)
  5 iguanas
  4 worker ants
  A killer bee zombie (D:5)
  5 hound skeletons
  The ghost of crawlian the Firebug, a weakling DEFE (D:3)
  A howler monkey zombie (D:5)
  13 adders
  9 gnolls
  A shadow imp (D:7)
  2 oozes
  2 worms (D:2)
  An adder skeleton (D:8)
  3 dart slugs
  The ghost of pedritolo the Charlatan, a weakling SpAr (D:7)
  3 giant geckos
  52 orcs
  2 ball pythons
  9 bats
  6 giant cockroaches
  11 goblins
  4 hobgoblins
  22 jackals
  2 quokkas
  9 giant newts
  16 kobolds
  A quokka skeleton (D:7)
  39 rats
308 creatures vanquished.

Vanquished Creatures (others)
  An orc wizard (D:4)
1 creature vanquished.

Grand Total: 309 creatures vanquished

Notes
Turn   | Place    | Note
-------+----------+-------------------------------------------
     0 | D:1      | inmateoo the Minotaur Arcane Marksman began the quest for the Orb.
     0 | D:1      | Reached XP level 1. HP: 16/16 MP: 1/1
   421 | D:1      | Reached XP level 2. HP: 21/23 MP: 2/2
   456 | D:1      | Reached skill level 1 in Unarmed Combat
  1427 | D:2      | Reached skill level 2 in Unarmed Combat
  1456 | D:2      | Reached XP level 3. HP: 29/29 MP: 3/3
  1563 | D:2      | Noticed Ijyb
  1617 | D:2      | Killed Ijyb
  1617 | D:2      | Reached skill level 1 in Armour
  1622 | D:2      | Reached XP level 4. HP: 16/37 MP: 4/4
  2240 | D:3      | Noticed a gnoll sergeant
  2586 | D:3      | Found a shadowy altar of Dithmenos.
  2725 | D:3      | Reached skill level 3 in Unarmed Combat
  3017 | D:3      | Reached XP level 5. HP: 44/44 MP: 5/5
  3150 | D:3      | Noticed crawlian's ghost (weakling DEFE)
  3156 | D:3      | Killed crawlian's ghost
  3327 | D:3      | Found a snail-covered altar of Cheibriados.
  3331 | D:3      | Became a worshipper of Cheibriados the Contemplative
  3346 | D:3      | Learned a level 1 spell: Corona
  3841 | D:4      | Noticed Edmund
  3852 | D:4      | Killed Edmund
  3852 | D:4      | Reached skill level 4 in Unarmed Combat
  3852 | D:4      | Reached XP level 6. HP: 41/51 MP: 6/6
  4333 | D:4      | Reached * piety under Cheibriados
  4418 | D:4      | Reached XP level 7. HP: 44/59 MP: 7/7
  4518 | D:4      | Reached skill level 5 in Unarmed Combat
  4734 | D:5      | Entered Level 5 of the Dungeon
  4815 | D:5      | Noticed Eustachio
  4855 | D:5      | Killed Eustachio
  4855 | D:5      | Reached skill level 6 in Unarmed Combat
  4882 | D:5      | Reached skill level 5 in Fighting
  4997 | D:5      | Found a sparkling altar of Nemelex Xobeh.
  5007 | D:5      | Noticed Aquadorian's ghost (novice OpBe)
  5027 | D:5      | Killed Aquadorian's ghost
  5027 | D:5      | Reached ** piety under Cheibriados
  5027 | D:5      | Reached skill level 5 in Armour
  5027 | D:5      | Reached skill level 5 in Dodging
  5027 | D:5      | Reached skill level 7 in Unarmed Combat
  5027 | D:5      | Reached XP level 8. HP: 45/69 MP: 8/8
  5444 | D:5      | Learned a level 6 spell: Statue Form
  5595 | D:5      | Found a hide-covered altar of Uskayaw.
  5961 | D:6      | Reached skill level 1 in Earth Magic
  6013 | D:6      | Got a pitted leather armour
  6062 | D:6      | Identified the +4 leather armour of the First Snow {Int+5} (You found it on level 6 of the Dungeon)
  6092 | D:6      | Reached *** piety under Cheibriados
  6174 | D:6      | Reached skill level 8 in Unarmed Combat
  6207 | D:6      | Reached XP level 9. HP: 75/75 MP: 10/10
  6214 | D:6      | Noticed Sigmund
  6223 | D:6      | Killed Sigmund
  6223 | D:6      | Reached skill level 1 in Invocations
  6441 | D:6      | Found a runed door.
  6445 | D:6      | Noticed Crazy Yiuf
  6447 | D:6      | Killed Crazy Yiuf
  6538 | D:7      | Noticed pedritolo's ghost (weakling SpAr)
  6539 | D:7      | Killed pedritolo's ghost
  6716 | D:7      | Found a glowing silver altar of Zin.
  6716 | D:7      | Found a white marble altar of Elyvilon.
  6716 | D:7      | Found a glowing golden altar of the Shining One.
  6765 | D:7      | Found a staircase to the Ecumenical Temple.
  7109 | D:7      | Reached **** piety under Cheibriados
  7350 | D:8      | Noticed a hill giant
  7356 | D:8      | Killed a hill giant
  7356 | D:8      | Reached skill level 9 in Unarmed Combat
  7601 | D:8      | Reached XP level 10. HP: 81/86 MP: 12/12
  7768 | D:8      | Found a radiant altar of Vehumet.
  7847 | D:8      | Noticed a purple ugly thing
  7857 | D:8      | Killed a purple ugly thing
  7857 | D:8      | Reached skill level 1 in Shields
  8209 | D:8      | Found an iron altar of Okawaru.
  8240 | D:8      | Reached ***** piety under Cheibriados
  8516 | D:9      | Noticed a centaur warrior
  8524 | D:9      | Killed a centaur warrior
  9260 | D:9      | Reached skill level 10 in Unarmed Combat
  9455 | D:10     | Entered Level 10 of the Dungeon
  9511 | D:10     | Found a staircase to the Lair.
  9511 | D:10     | Noticed Josephine
  9521 | D:10     | Noticed Snorg
  9521 | D:10     | Reached XP level 11. HP: 94/94 MP: 8/14
  9524 | D:10     | Killed Josephine
  9532 | D:10     | Mangled by Snorg

Vault maps used:
D:1:      dpeg_arrival_more_subterranean_lakeside_camping
D:2:      kennysheep_the_goblin_king, serial_bayou_pond_b
D:3:      grunt_dithmenos_smoke_and_mirrors, marbit_many_paths,
          minmay_rats_cheesy_pizza
D:4:      first_bread, uniq_edmund
D:5:      lemuel_doored_altar, nemelex_dance_club_becter, uniq_eustachio
D:6:      uniq_sigmund, uniq_crazy_yiuf_cottage
D:7:      good_gods_mini_temple
D:8:      okawaru_altar_gauntlet_db, lemuel_round_altar
D:9:      special_room
D:10:     lair_0_dummy, grunt_tengu_nest, grunt_decor_one_mirror,
          uniq_josephine, uniq_sonja, uniq_snorg

Skill      XL: |  1  2  3  4  5  6  7  8  9 10 11 |
---------------+----------------------------------+-----
Unarmed Combat | 2 3 4 7 8 9 10 | 10.5
Fighting       | 2 3 4 5 6 7 |  7.9
Armour         | 1 2 3 5 7 |  7.9
Dodging        | 3 5 6 7 |  7.6
Earth Magic    | 1 2 3 |  3.6
Invocations    | 2 4 |  4.1
Spellcasting   | 2 3 |  3.4
Shields        | 2 3 |  3.0
Throwing       | |  2.0
Hexes          | |  2.0

Action                   |  1- 3 |  4- 6 |  7- 9 | 10-12 || total
-------------------------+-------+-------+-------+-------++-------
Melee: Unarmed           |   171 |   267 |   286 |   169 ||   893
       Headbutt          |    15 |    36 |    65 |    51 ||   167
       Punch             |       |     4 |    15 |       ||    19
       Dagger            |       |     5 |       |       ||     5
Throw: Javelin           |       |     3 |       |       ||     3
Invok: Slouch            |       |       |       |     3 ||     3
  Use: Scroll            |       |    14 |     4 |     1 ||    19
       Potion            |       |       |     1 |     1 ||     2
 Stab: Sleeping          |       |       |     1 |       ||     1
       Distracted        |       |       |       |     1 ||     1
  Eat: Chunk             |     2 |    10 |     5 |     4 ||    21
Armor: Robe              |    14 |       |       |       ||    14
       Scale mail        |    18 |       |       |    15 ||    33
       Ring mail         |    39 |    92 |    92 |    29 ||   252
Dodge: Dodged            |   111 |   170 |   197 |   122 ||   600
Block: Buckler           |       |       |       |    82 ||    82
